 Dungeon Crawl Stone Soup version 0.27.1-33-g824d729ab1 (webtiles) character file.

Game seed: 235980052478768260

4 MisterFreud the Ducker (level 1, -3/10 HPs)
             Began as a Felid Berserker on Dec 12, 2021.
             Was a Follower of Trog.
             Slain by a quokka (4 damage)
             ... on level 1 of the Dungeon.
             The game lasted 00:00:39 (162 turns).

MisterFreud the Ducker (Felid Berserker)             Turns: 162, Time: 00:00:40

Health: -3/10      AC:  1    Str: 13    XL:     1   Next: 50%
Magic:  2/2        EV: 18    Int:  8    God:    Trog [*.....]
Gold:   36         SH:  0    Dex: 15    Spells: 0/0 levels left
                                        Lives:  0   Deaths: 0

rFire    . . .     SeeInvis +     - Unarmed
rCold    . . .     Faith    .   (shield unavailable)
rNeg     . . .     Spirit   .   (armour unavailable)
rPois    .         Reflect  .   (helmet unavailable)
rElec    .         Harm     .   (cloak unavailable)
rCorr    .         Rampage  .   (gloves unavailable)
Will     .....                  (boots unavailable)
Stlth    ++........             (no amulet)
HPRegen  0.03/turn              (no ring)
MPRegen  0.08/turn              (no ring)

@: on berserk cooldown, slowed, slow
A: very small, claws 1, fangs 3, see invisible, speed 1, shaggy fur 1, stealthy
paws, no weapons or thrown items, no armour, multi-lived
a: Renounce Religion, Berserk


You were on level 1 of the Dungeon.
You worshipped Trog.
Trog was aware of your devotion.
You visited 1 branch of the dungeon, and saw 1 of its levels.

You collected 36 gold pieces.

Inventory:

Scrolls
 a - a scroll of identify {unknown}


   Skills:
 - Level 3.0 Fighting
 - Level 4.0 Dodging
 + Level 1.1 Stealth
 + Level 3.1 Unarmed Combat


You couldn't memorise any spells.
You didn't know any spells.
Your spell library was empty.

Dungeon Overview and Level Annotations

Branches:
Dungeon (1/15)

Altars:


Innate Abilities, Weirdness & Mutations

You have sharp claws.
You have razor-sharp teeth.
You have supernaturally acute eyesight. (SInv)
You cover ground quickly. (Speed+)
You are covered in fur. (AC +1)
Your paws help you pounce on unaware monsters.
You are incapable of wielding weapons or throwing items.
You cannot wear armour.
You gain extra lives every three experience levels.


Message History

A red film seems to cover your vision as you go berserk!
You feel yourself moving faster!
You feel mighty! The bat barely misses you. The bat closely misses you.
The ball python bites you. The ball python constricts you.
You closely miss the ball python. The bat closely misses you.
You claw the ball python!
You kill the ball python!
Trog accepts your kill. The bat closely misses you.
Your Stealth skill increases to level 1!
The bat barely misses you.
A quokka comes into view.
You closely miss the bat. The bat barely misses you.
The bat hits you but does no damage.
You miss the bat. The bat misses you. The bat hits you but does no damage.
You feel a strong urge to attack something.
The bat closely misses you. The bat barely misses you.
You claw the bat!
You kill the bat!
Trog accepts your kill.
You are no longer berserk.
You are exhausted.
You feel yourself slow down.
You see here a bat corpse.
A quokka is nearby!
A quokka is nearby!
The quokka barely misses you. The quokka misses you. The quokka bites you.
* * * LOW HITPOINT WARNING * * *
The quokka barely misses you.
The quokka twitches its whiskers. x2
The quokka closely misses you. The quokka misses you.
The quokka twitches its whiskers.
The quokka closely misses you. The quokka bites you.
You die...

#.##..†....#.###.#...
#.##.#.##..#.........
#..#.#.#.............
##.#.#.......#......#
#.#.........)..##.##
#.######.##....##.#
#.# ...+....##.#
#.####.#.##.....#..
#.r@...........##.#
######...#.##+###.#
... .


You could see a quokka.

Vanquished Creatures
  A ball python (D:1)
  A hobgoblin (D:1)
  A bat (D:1)
  A rat (D:1)
4 creatures vanquished.

Notes
Turn   | Place    | Note
-------+----------+-------------------------------------------
     0 | D:1      | MisterFreud the Felid Berserker began the quest for the
                  | Orb.
     0 | D:1      | Reached XP level 1. HP: 10/10 MP: 2/2
    75 | D:1      | Found a faded altar of an unknown god.
   134 | D:1      | Reached skill level 1 in Stealth
   162 | D:1      | Slain by a quokka

Illustrated notes

Levels and vault maps discovered:
D:1:      minmay_arrival_five_plusses, layout_basic,
          ebering_ecumenical_altar_petrified

Skill      XL: |  1 |
---------------+----+-----
Stealth        | 1 |  1.1
Fighting       | |  3.0
Dodging        | |  4.0
Unarmed Combat | |  3.1

Action                   || total
-------------------------++-------
Melee: Unarmed           ||    16
       Bite              ||     1
Invok: Berserk           ||     1
Armor: Skin              ||     3
Dodge: Dodged            ||    28
